 Dungeon Crawl Stone Soup version 0.27-a0-1177-g245c70e1c0 (webtiles) character file.

Game seed: 3468907229845184273

47873 jasper the Blocker (level 14, -6/119 HPs)
             Began as a Demonspawn Necromancer on May 16, 2021.
             Was a High Priest of Ashenzari.
             Mangled by a sun demon (11 damage)
             ... summoned by an orc sorcerer
             ... while paralysed by an orc sorcerer
             ... on level 2 of the Orcish Mines.
             The game lasted 01:07:55 (30677 turns).

jasper the Blocker (Demonspawn Necromancer)        Turns: 30677, Time: 01:07:56

Health: -6/119     AC: 10    Str: 15    XL:     14   Next: 10%
Magic:  17/23      EV:  2    Int: 27    God:    Ashenzari [*****.]
Gold:   2964       SH:  0    Dex: 16    Spells: 10/26 levels left

rFire    + + .     SeeInvis +     - Unarmed
rCold    + . .     Faith    .   U - +1 tower shield "Ruined Together" {rF+, Cun, Fort} (curse)
rNeg     + + +     Spirit   .   V - +0 steam dragon scales of the Gnostic Pleiades {rPois rC+ rN+ Stlth+, Self, Comp} (curse)
rPois    +         Reflect  +   k - +1 helmet of Ashenzari's Loss {Range, Comp} (curse)
rElec    .         Harm     .   p - scarf "Cursed Shame" {+Inv, Range, Melee} (curse)
rCorr    .         Rampage  .   (no gloves)
Will     +....     Clarity  +   o - +0 pair of boots "Tethered With Me" {Elem, Range} (curse)
Stlth    ++++......             P - amulet "Gnostic Water Diviner" {Reflect Fragile rN+ Str+6 Dex+2 SH+5, Evo, Fort} (curse)
HPRegen  0.29/turn              L - ring "Behold Eternity" {rF+ Int+6, Bglg, Self} (curse)
MPRegen  0.18/turn              r - ring "At What Cost Knowledge?" {rN+, Melee, Fort} (curse)

@: paralysed
A: claws 2, foul stench 2, spiny 1, sharp scales 2, deterioration 1
a: Renounce Religion, Evoke Invisibility, Curse Item, Shatter the Chains


You were on level 2 of the Orcish Mines.
You worshipped Ashenzari.
Ashenzari was extremely pleased with you.
You visited 4 branches of the dungeon, and saw 21 of its levels.
You also visited: Bailey, Gauntlet and Volcano.

You collected 2964 gold pieces.

Inventory:

Hand Weapons
 q - a +0 hunting sling
Missiles
 c - 566 stones (quivered)
 h - a silver javelin
 n - 4 silver boomerangs
 u - 44 poisoned darts
 y - a throwing net
 E - a curare-tipped dart
 X - 3 atropa-tipped darts
Armour
 a - a +0 robe
 f - a +0 ring mail
 i - a +0 kite shield
 k - the cursed +1 helmet of Ashenzari's Loss (worn) {Range, Comp}
   (You found it on level 7 of the Dungeon)

   It has a curse which improves the following skills: Ranged Combat: Slings,
   Bows, Crossbows and Throwing.
   Companions: Summonings and Necromancy.
 m - a +1 buckler of cold resistance
 o - the cursed +0 pair of boots "Tethered With Me" (worn) {Elem, Range}
   (You found it on level 3 of the Dungeon)

   It has a curse which improves the following skills: Elements: Fire Magic, Ice
   Magic, Air Magic and Earth Magic.
   Ranged Combat: Slings, Bows, Crossbows and Throwing.
 p - the cursed scarf "Cursed Shame" (worn) {+Inv, Range, Melee}
   (You found it on level 10 of the Dungeon)

   It has a curse which improves the following skills: Ranged Combat: Slings,
   Bows, Crossbows and Throwing.
   Melee Combat: Short Blades, Long Blades, Axes, Maces & Flails, Polearms,
   Staves and Unarmed Combat.
 D - a +0 pair of boots
 H - +0 steam dragon scales
 J - a +3 ring mail of willpower
 S - a +0 troll leather armour
 U - the cursed +1 tower shield "Ruined Together" (worn) {rF+, Cun, Fort}
   (You found it in a bailey)

   It has a curse which improves the following skills: Cunning: Dodging and
   Stealth.
   Fortitude: Armour and Shields.
 V - the cursed +0 steam dragon scales of the Gnostic Pleiades (worn) {rPois rC+ rN+ Stlth+, Self, Comp}
   (You found it in a bailey)

   It protects you from cold.
   It protects you from poison.
   It protects you from negative energy.
   It makes you more stealthy.
   It has a curse which improves the following skills: Introspection: Fighting
   and Spellcasting.
   Companions: Summonings and Necromancy.
Jewellery
 d - an amulet of guardian spirit
 e - a ring of flight
 r - the cursed ring "At What Cost Knowledge?" (right claw) {rN+, Melee, Fort}
   (You found it on level 4 of the Dungeon)

   [ring of positive energy]

   It protects you from negative energy.
   It has a curse which improves the following skills: Melee Combat: Short
   Blades, Long Blades, Axes, Maces & Flails, Polearms, Staves and Unarmed
   Combat.
   Fortitude: Armour and Shields.
 F - a ring of protection from fire
 L - the cursed ring "Behold Eternity" (left claw) {rF+ Int+6, Bglg, Self}
   (You acquired it on level 11 of the Dungeon)

   [ring of intelligence]

   It affects your intelligence (+6).
   It protects you from fire.
   It has a curse which improves the following skills: Beguiling: Conjurations,
   Hexes and Translocations.
   Introspection: Fighting and Spellcasting.
 M - the ring "Xuoq" {rF+ Will- Int+6 SInv}
   (You found it in a Gauntlet)

   [ring of intelligence]

   It affects your intelligence (+6).
   It protects you from fire.
   It lets you see invisible.
   It decreases your willpower.
 P - the cursed amulet "Gnostic Water Diviner" (around neck) {Reflect Fragile rN+ Str+6 Dex+2 SH+5, Evo, Fort}
   (You found it in a Gauntlet)

   [amulet of reflection]

   It reflects blocked missile attacks.
   It affects your strength (+6).
   It affects your dexterity (+2).
   It protects you from negative energy.
   It will be destroyed if unequipped.
   It affects your SH (+5).
   It has a curse which improves the following skills: Evocations: Evocations.
   Fortitude: Armour and Shields.
Wands
 t - a wand of mindburst (8)
 v - a wand of digging (28)
 z - a wand of polymorph (1)
 N - a wand of paralysis (17)
Scrolls
 g - a scroll of amnesia
 j - 2 scrolls of magic mapping
 w - 5 scrolls of teleportation
 R - a scroll of fog
Potions
 b - 3 potions of flight
 l - 2 potions of cancellation
 s - 3 potions of resistance
 x - 2 potions of brilliance
 B - a potion of might
 I - 2 potions of ambrosia
 K - 2 potions of curing
 O - 2 potions of mutation
 Q - a potion of lignification


   Skills:
 - Level 10.0(13.7) Fighting
 - Level 9.5(12.0) Dodging
 - Level 1.7(3.6) Stealth
 + Level 12.5(17.3) Shields
 - Level 10.0(13.7) Unarmed Combat
 - Level 3.1(6.5) Spellcasting
 - Level 8.0(10.6) Hexes
 - Level 8.1(12.1) Necromancy
 - Level 3.0(5.3) Translocations


You had 10 spell levels left.
You knew the following spells:

 Your Spells              Type           Power      Damage    Failure   Level
a - Animate Dead          Necr           32%        N/A       1%          4
c - Vampiric Draining     Necr           32%        2d10      1%          3
d - Confusing Touch       Hex            61%        N/A       1%          3
e - Apportation           Tloc           74%        N/A       1%          1
f - Tukima's Dance        Hex            61%        N/A       1%          3
g - Blink                 Tloc           N/A        N/A       2%          2

Your spell library contained the following spells:

 Spells                   Type           Power      Damage    Failure   Level
 Animate Skeleton         Necr           100%       N/A       1%          1
 Corona                   Hex            67%        N/A       1%          1
 Pain                     Necr           100%       1d9       1%          1
 Slow                     Hex            61%        N/A       1%          2
 Ensorcelled Hibernation  Hex/Ice        76%        N/A       2%          2
 Agony                    Necr           65%        N/A       3%          5
 Dazzling Flash           Conj/Hex       76%        N/A       5%          3
 Gell's Gravitas          Tloc           18%        N/A       5%          3
 Lesser Beckoning         Tloc           18%        N/A       5%          3
 Teleport Other           Tloc           37%        N/A       5%          3
 Summon Small Mammal      Summ           48%        N/A       13%         1
 Magic Dart               Conj           40%        1d5       14%         1
 Call Imp                 Summ           12%        N/A       21%         2
 Conjure Flame            Conj/Fire      10%        6-21      38%         3
 Mephitic Cloud           Conj/Pois/Air  10%        N/A       41%         3
 Metabolic Englaciation   Hex/Ice        19%        N/A       43%         5
 Manifold Assault         Tloc           37%        N/A       45%         5
 Yara's Violent Unravell  Hex/Tmut       18%        3d9       45%         5
 Petrify                  Tmut/Erth      9%         N/A       83%         4


Dungeon Overview and Level Annotations

Branches:
Dungeon (12/15)            Temple (1/1) D:6            Lair (6/6) D:10
 Shoals (0/4) Lair:3       Spider (0/4) Lair:4        Slime (0/5) Lair:6
    Orc (2/2) D:9             Elf (0/3) Orc:2        Bailey (visited)
Volcano (visited)         Gauntlet (visited)

Altars:
Ashenzari
Cheibriados
Dithmenos
Elyvilon
Fedhas
Gozag
Hepliaklqana
Kikubaaqudgha
Makhleb
Nemelex Xobeh
Okawaru
Qazlal
Ru
Sif Muna
Trog
Uskayaw
Vehumet
Wu Jian
Xom
Yredelemnul
Zin
The Shining One
Beogh

Shops:
D:6 (   Orc:2 :[=

Annotations:
D:9 3 runed translucent doors, jasper's ghost, journeyman DsWn
D:10 exclusion: ice statue
Lair:3 exclusion: oklob plant
Lair:4 3 runed translucent doors, exclusion: oklob plant, Sobieck's ghost, journeyman KoCj
Orc:2 2 transporters, leviel's ghost, journeyman MiFi


Innate Abilities, Weirdness & Mutations

You have very sharp fingernails.
You sometimes emit foul miasma when damaged in melee.
You are partially covered in sharp spines.
You are mostly covered in razor-sharp scales. (AC +2, Slay +2)
Your body sometimes deteriorates upon taking damage.


Message History

You suddenly lose the ability to move!
The orc knight barely misses you.
The orc wizard is struck by your spines.
The orc wizard hits you but does no damage.
The sun demon hits you!
You are engulfed in flames.
You resist.
The orc high priest hits your +0 bardiche with a +4 battleaxe!
The orc sorcerer gestures at you while chanting.
The bolt of fire hits you! You resist.
The bolt of fire hits the orc wizard!!!
The orc wizard dies!
Your +0 bardiche hits the orc high priest!!
The orc high priest dies!
The ice devil disappears in a puff of smoke!
The neqoxec disappears in a puff of smoke!
The rust devil disappears in a puff of smoke!
The orc knight roars a battlecry!
The orc sorcerer goes into a battle-frenzy!
The sun demon hits you!
You are engulfed in flames.
You resist.
The orc sorcerer is struck by your spines.
The orc sorcerer hits you but does no damage.
The sun demon hits you!
* * * LOW HITPOINT WARNING * * *
You are engulfed in flames.
You resist.
* * * LOW HITPOINT WARNING * * *
The orc knight hits you but does no damage.
The orc sorcerer is struck by your spines.
The orc sorcerer barely misses you. The sun demon is struck by your spines.
The sun demon hits you but does no damage.
The orc knight is struck by your spines.
The orc knight hits you but does no damage.
The orc sorcerer is struck by your spines.
The orc sorcerer hits you but does no damage.
The sun demon hits you!
* * * LOW HITPOINT WARNING * * *
You are engulfed in flames.
You resist.
* * * LOW HITPOINT WARNING * * *
The orc knight hits you.
* * * LOW HITPOINT WARNING * * *
The sun demon hits you!
You die...

####### #############*
######3.......∩
#####∩o@)##.##. .∩ *
####..o##.)...##. *
###.)##)(.......##. *
####..............o.
####..#...........#,,*
####..##...).)...#* *
###....##4.3....#* ,,
###.#......#[#.., ,{ *
###.##.....#[#.. * *


You could see an orc knight, a sun demon (summoned), an orc sorcerer (strong)
and a friendly +0 bardiche.

Vanquished Creatures
  A minotaur (Gauntlet)
  Josephine (Lair:4)
  3 hydras
  A boulder beetle (Lair:5)
  A two-headed ogre (D:11)
  13 death yaks
  2 orc high priests (Orc:2)
  Nergalle (D:11)
  A lindwurm (Volcano)
  3 orc sorcerers (Orc:2)
  A wolf spider (shapeshifter) (Orc:2)
  4 orc knights
  A cyclops (D:12)
  A merfolk siren (Lair:3)
  An apocalypse crab (Gauntlet)
  2 black mambas (Lair:3)
  A torpor snail (Lair:2)
  3 molten gargoyles (Volcano)
  7 cane toads
  3 unseen horrors
  3 rime drakes
  4 komodo dragons
  2 efreet (Volcano)
  A jumping spider (Lair:4)
  4 trolls
  2 polar bears
  5 hornets
  2 blink frogs (Lair:5)
  A centaur simulacrum (D:11)
  Sigmund (D:2)
  7 wraiths
  4 redbacks (Lair:4)
  2 fire elementals (Volcano)
  3 wyverns
  A water elemental (D:11)
  Grum (D:9)
  24 yaks
  2 steam dragons
  A neqoxec (Gauntlet)
  A chaos spawn (Gauntlet)
  5 wargs
  An acid dragon (D:11)
  14 water moccasins
  7 ice beasts
  5 sky beasts
  13 orc warriors
  A black bear (D:7)
  A necrophage (D:6)
  4 ogres
  10 wolves
  3 centaurs
  11 bullfrogs
  A kobold brigand (D:8)
  A wyvern zombie (D:6)
  2 scorpions
  A water moccasin skeleton (D:5)
  5 wights
  3 electric eels
  A howler monkey (D:5)
  4 centaur zombies
  4 jellies
  A bullfrog skeleton (D:4)
  A gnoll shaman (D:3)
  2 hounds
  16 orc priests
  4 iguanas
  16 orc wizards
  Terence (D:3)
  6 hell rats (Lair:4)
  A killer bee zombie (D:7)
  3 gnolls (D:2)
  4 howler monkey zombies
  9 adders
  14 white imps
  An ufetubus (D:6)
  2 worms (D:2)
  A dart slug (D:2)
  60 orcs
  7 ball pythons
  8 bats
  9 endoplasms
  3 giant cockroaches
  12 goblins
  3 hobgoblins
  2 jackals (D:2)
  7 quokkas
  3 frilled lizards
  13 kobolds
  7 rats
  2 fire vortices (Volcano)
437 creatures vanquished.

Vanquished Creatures (collateral kills)
  A two-headed ogre (D:11)
  Urug (Lair:4)
  An orc high priest (Orc:2)
  An orc knight (Orc:2)
  2 molten gargoyles (Volcano)
  7 orc warriors
  2 orc priests
  A gnoll (D:3)
  15 orcs
  A rat (D:3)
32 creatures vanquished.

Vanquished Creatures (others)
  A molten gargoyle (Volcano)
  9 dancing weapons
  An orc wizard (Orc:2)
  A bush (Lair:4)
  4 demonic plants (Gauntlet)
  13 fungi
  14 plants
43 creatures vanquished.

Grand Total: 512 creatures vanquished

Notes
Turn   | Place    | Note
-------+----------+-------------------------------------------
     0 | D:1      | jasper the Demonspawn Necromancer began the quest for the
                  | Orb.
     0 | D:1      | Reached XP level 1. HP: 13/13 MP: 3/3
   203 | D:1      | Reached skill level 1 in Unarmed Combat
   736 | D:1      | Gained mutation: You are partially covered in razor-sharp
                  | scales. (AC +1, Slay +1) [demonic ancestry]
   736 | D:1      | Reached XP level 2. HP: 18/19 MP: 3/5
  1165 | D:1      | Learned a level 1 spell: Animate Skeleton
  1608 | D:1      | Gained mutation: You are partially covered in sharp spines.
                  | [demonic ancestry]
  1608 | D:1      | Reached XP level 3. HP: 23/24 MP: 2/6
  1898 | D:2      | Noticed Sigmund
  2040 | D:3      | Noticed Terence
  2044 | D:3      | Killed Terence
  2045 | D:3      | Reached XP level 4. HP: 25/30 MP: 2/7
  2095 | D:3      | Learned a level 3 spell: Vampiric Draining
  2713 | D:3      | Gained mutation: You are mostly covered in razor-sharp
                  | scales. (AC +2, Slay +2) [demonic ancestry]
  2713 | D:3      | Reached XP level 5. HP: 34/35 MP: 6/8
  2813 | D:4      | Found a burning altar of Makhleb.
  2993 | D:4      | Found a sacrificial altar of Ru.
  3020 | D:4      | Reached skill level 5 in Unarmed Combat
  3494 | D:4      | Noticed a water moccasin
  3830 | D:4      | Reached skill level 5 in Necromancy
  3830 | D:4      | Reached XP level 6. HP: 41/41 MP: 9/9
  3916 | D:4      | Learned a level 3 spell: Confusing Touch
  3968 | D:5      | Entered Level 5 of the Dungeon
  4395 | D:5      | Noticed an ice beast
  4413 | D:5      | Killed an ice beast
  4560 | D:5      | Reached XP level 7. HP: 43/46 MP: 10/10
  5530 | D:6      | Found an ancient bone altar of Kikubaaqudgha.
  5540 | D:6      | Found Jutyigre's Weapon Boutique.
  5565 | D:6      | Found a shimmering blue altar of Sif Muna.
  5575 | D:6      | Found a broken altar of Ashenzari.
  5688 | D:6      | Gained mutation: You have sharp fingernails. [demonic
                  | ancestry]
  5688 | D:6      | Reached XP level 8. HP: 40/52 MP: 7/11
  6259 | D:6      | Reached skill level 5 in Hexes
  6304 | D:6      | Became a worshipper of Ashenzari the Shackled
  6817 | D:6      | Found a staircase to the Ecumenical Temple.
  6829 | D:6      | Learned a level 1 spell: Apportation
  6837 | Temple   | Entered the Ecumenical Temple
  7801 | D:7      | Found Deigot's Book Shop.
  7864 | D:7      | Gained mutation: You have very sharp fingernails. [demonic
                  | ancestry]
  7864 | D:7      | Reached XP level 9. HP: 57/57 MP: 12/12
  8166 | D:7      | Reached skill level 1 in Fighting
  8440 | D:7      | Reached skill level 1 in Shields
  8567 | D:7      | Found a sparkling altar of Nemelex Xobeh.
  9183 | D:2      | Learned a level 3 spell: Tukima's Dance
  9301 | D:2      | Identified a scroll of acquirement
  9372 | D:1      | Acquired 959 gold pieces
  9509 | D:2      | Killed Sigmund
  9620 | D:2      | Reached skill level 2 in Shields
  9770 | D:2      | Reached * piety under Ashenzari
 10750 | D:8      | Found an ornate altar of the Wu Jian Council.
 10935 | D:8      | Reached ** piety under Ashenzari
 11282 | D:8      | Reached XP level 10. HP: 29/70 MP: 2/14
 11479 | D:8      | Learned a level 2 spell: Blink
 11893 | D:9      | Found a staircase to the Orcish Mines.
 12060 | D:9      | Reached skill level 1 in Translocations
 12835 | D:9      | Noticed Grum
 12858 | D:9      | Killed Grum
 13310 | D:9      | Found a runed translucent gate.
 13310 | D:9      | Found a runed translucent gate.
 13310 | D:9      | Noticed jasper's ghost (journeyman DsWn)
 13311 | D:9      | Found a runed translucent gate.
 13313 | D:9      | Found a basalt altar of Yredelemnul.
 13503 | D:10     | Entered Level 10 of the Dungeon
 13507 | D:10     | Noticed an ice statue
 14298 | D:10     | Reached *** piety under Ashenzari
 14654 | D:10     | Reached skill level 10 in Unarmed Combat
 14835 | D:10     | Found a staircase to the Lair.
 15250 | D:11     | Found a frozen archway.
 15716 | D:11     | Found a gate leading to a gauntlet.
 15731 | Gauntlet | Entered a Gauntlet
 15731 | Gauntlet | Found a transporter.
 15775 | Gauntlet | Identified the -3 hat of the Fifty Tusks {Int+3 Slay+3}
 15791 | Gauntlet | Reached **** piety under Ashenzari
 15793 | Gauntlet | Found a transporter.
 15798 | Gauntlet | Found a transporter.
 15803 | Gauntlet | Found a transporter.
 15811 | Gauntlet | Noticed a great orb of eyes
 15811 | Gauntlet | Noticed a green ugly thing
 15812 | Gauntlet | Noticed a green ugly thing
 15818 | Gauntlet | Found a transporter.
 15819 | Gauntlet | Identified the -1 hat "Nuriobuo" {Dex+5}
 15837 | Gauntlet | Identified the amulet of Deg Xumm {Reflect Fragile rN+
                  | Str+6 Dex+2 SH+5}
 15837 | Gauntlet | Found a transporter.
 15840 | Gauntlet | Noticed an apocalypse crab
 15848 | Gauntlet | Identified the amulet of Jeawaor {Reflect *Corrode rPois
                  | rN++ Int-2 SH+5}
 15849 | Gauntlet | Found a transporter.
 15855 | Gauntlet | Noticed a moth of wrath
 15861 | Gauntlet | Found a transporter.
 15861 | Gauntlet | Noticed an orange crystal statue
 15867 | Gauntlet | Found a transporter.
 15867 | Gauntlet | Found a transporter.
 15881 | Gauntlet | Identified the +0 cloak "Ugop" {Int+3 Dex-3}
 15882 | Gauntlet | Found a transporter.
 15888 | Gauntlet | Found a transporter.
 15903 | Gauntlet | Found a transporter.
 15920 | Gauntlet | Found a transporter.
 15940 | Gauntlet | Found a transporter.
 15952 | Gauntlet | Noticed a sixfirhy
 15965 | Gauntlet | Found a transporter.
 15966 | Gauntlet | Identified the ring "Xuoq" {rF+ Will- Int+6 SInv}
 15967 | Gauntlet | Found a transporter.
 15987 | Gauntlet | Found a transporter.
 16330 | Gauntlet | Gained mutation: Your body sometimes deteriorates upon
                  | taking damage. [a neqoxec]
 16380 | Gauntlet | Reached XP level 11. HP: 61/78 MP: 15/15
 16747 | Gauntlet | Noticed a minotaur
 16769 | Gauntlet | Killed a minotaur
 16770 | Gauntlet | Reached skill level 5 in Fighting
 16770 | Gauntlet | Reached skill level 5 in Dodging
 17050 | D:11     | Noticed a two-headed ogre
 17075 | D:11     | Killed a two-headed ogre
 17238 | D:11     | Noticed Nergalle
 17276 | D:11     | Killed Nergalle
 17969 | D:11     | Noticed a two-headed ogre
 17979 | D:11     | Killed a two-headed ogre
 18237 | D:11     | Acquired the ring "Juc Ats" {rF+ Int+6}
 18273 | D:12     | Found a flagged portal.
 18360 | Bailey   | Entered a bailey
 18750 | Bailey   | Identified the +0 steam dragon scales "Ecseem" {rPois rC+
                  | rN+ Stlth+}
 18798 | Bailey   | Noticed an orc knight
 18844 | Bailey   | Noticed an orc knight
 18844 | Bailey   | Noticed an orc knight
 18844 | Bailey   | Noticed an orc knight
 19050 | Bailey   | Killed an orc knight
 19204 | D:12     | Noticed a boulder beetle
 19253 | Lair:1   | Entered Level 1 of the Lair of Beasts
 19575 | Lair:1   | Identified the +3 quarterstaff of Oheczosu {vorpal, Fly
                  | Str+3}
 19609 | Lair:1   | Gained mutation: You may rarely emit foul miasma when
                  | damaged in melee. [demonic ancestry]
 19609 | Lair:1   | Reached XP level 12. HP: 76/94 MP: 16/16
 19856 | Lair:1   | Learned a level 4 spell: Animate Dead
 19872 | Lair:1   | Noticed an eight-headed hydra
 19887 | Lair:1   | Killed an eight-headed hydra
 20401 | Lair:2   | Noticed a five-headed hydra
 20415 | Lair:2   | Killed a five-headed hydra
 20524 | Lair:2   | Found a dark tunnel.
 20532 | Volcano  | Entered a volcano
 21242 | Volcano  | HP: 4/97 [molten gargoyle/bolt of magma (24)]
 21914 | Lair:2   | Reached skill level 10 in Fighting
 22297 | Lair:2   | Noticed a death yak
 22305 | Lair:2   | Noticed a death yak
 22335 | Lair:2   | Killed a death yak
 22336 | Lair:2   | Reached skill level 3 in Shields
 22349 | Lair:2   | Killed a death yak
 22350 | Lair:2   | Reached skill level 4 in Shields
 22733 | Lair:2   | Identified the +6 trident of Responsibility {protect,
                  | Contam +Blink rPois}
 22778 | Lair:2   | Noticed a death yak
 22778 | Lair:2   | Noticed a death yak
 22778 | Lair:2   | Noticed a death yak
 22792 | Lair:2   | Killed a death yak
 22813 | Lair:2   | Killed a death yak
 22814 | Lair:2   | Reached skill level 5 in Shields
 22829 | Lair:2   | Killed a death yak
 23003 | Lair:2   | Reached skill level 6 in Shields
 23357 | Lair:3   | Found a staircase to the Shoals.
 23584 | Lair:3   | Noticed a death yak
 23588 | Lair:3   | Noticed a death yak
 23588 | Lair:3   | Noticed a death yak
 23588 | Lair:3   | Noticed a death yak
 23622 | Lair:2   | Killed a death yak
 23946 | Lair:2   | Killed a death yak
 23947 | Lair:2   | Reached skill level 7 in Shields
 23947 | Lair:2   | Gained mutation: You sometimes emit foul miasma when
                  | damaged in melee. [demonic ancestry]
 23947 | Lair:2   | Reached XP level 13. HP: 63/103 MP: 5/17
 24865 | Lair:2   | Reached skill level 8 in Shields
 25589 | Lair:4   | Reached skill level 9 in Shields
 25644 | Lair:4   | Found a hole to the Spider Nest.
 25842 | Lair:4   | Found a runed translucent gate.
 25843 | Lair:4   | Found a runed translucent gate.
 25843 | Lair:4   | Noticed Sobieck's ghost (journeyman KoCj)
 25844 | Lair:4   | Found a runed translucent gate.
 26226 | Lair:4   | Noticed Urug
 26237 | Lair:4   | Reached skill level 10 in Shields
 26244 | Lair:4   | Killed Urug
 26348 | Lair:4   | Noticed Josephine
 26405 | Lair:4   | Killed Josephine
 26758 | Lair:4   | Reached ***** piety under Ashenzari
 27127 | Lair:4   | Found a bloodstained altar of Trog.
 27228 | Lair:5   | Found a hide-covered altar of Uskayaw.
 27228 | Lair:5   | Found an ornate altar of the Wu Jian Council.
 27256 | Lair:5   | Reached skill level 11 in Shields
 28135 | Lair:6   | Entered Level 6 of the Lair of Beasts
 28275 | Lair:6   | Found a staircase to the Slime Pits.
 28510 | Orc:1    | Entered Level 1 of the Orcish Mines
 28714 | Orc:2    | Entered Level 2 of the Orcish Mines
 28783 | Orc:2    | Found a staircase to the Elven Halls.
 28786 | Orc:2    | Noticed leviel's ghost (journeyman MiFi)
 28787 | Orc:2    | Found a transporter.
 28841 | Orc:2    | Identified the +7 great mace "Seuvuadi" {freeze, rC+ Str+4}
 28841 | Orc:2    | Noticed an ettin
 28964 | Orc:2    | Found a transporter.
 29169 | Orc:2    | Found Yzuhur's Jewellery Shoppe.
 29169 | Orc:2    | Found Esoll's Book Shoppe.
 29729 | Orc:1    | Reached skill level 12 in Shields
 30145 | Orc:2    | Reached XP level 14. HP: 102/119 MP: 21/23
 30658 | Orc:2    | Found Qupseyla's Antique Armour Boutique.
 30672 | Orc:2    | Paralysed by an orc sorcerer for 5 turns
 30677 | Orc:2    | HP: 5/119 [orc knight (3)]
 30677 | Orc:2    | Mangled by a sun demon

Illustrated notes

Levels and vault maps discovered:
D:1:      saegor_arrival_simple_d, layout_basic
D:2:      layout_loops_ring, minmay_misc_feat_nine_boxes, minivault_24,
          uniq_sigmund
D:3:      layout_rooms, hangedman_decor_push, chequers_avenue,
          minmay_divided_ellipse, uniq_terence
D:4:      layout_loops_ring, lemuel_tele_altar, kennysheep_little_box
D:5:      layout_loops_ring, kennysheep_mini_moat, serial_park_tiny_pond
D:6:      layout_cave_pools, cheibrodos_ashenzari_chains,
          grunt_temple_overflow_open, minmay_temple_entry_offerings,
          serial_shops, shop, amcnicky_mini_corridor_feature,
          chequers_serial_rivers_marsh
D:7:      layout_loops_cross, marbit_many_paths, serial_shops, shop,
          david_defended_altar_orc
D:8:      layout_basic, nicolae_overflow_hidden_temple
D:9:      layout_basic, nicolae_yredelemnul_ghost_church, david_orc_5, uniq_grum
D:10:     layout_loops_corners, general_overflow_altar, lair_entry_dummy,
          serial_rivers, chequers_serial_rivers_marsh,
          chequers_serial_rivers_micro_b, chequers_serial_rivers_large_b,
          chequers_serial_rivers_marsh, chequers_serial_rivers_small_a,
          chequers_serial_rivers_room_b, minivault_16
D:11:     layout_irregular_city, serial_ice, serial_ice_g, serial_ice_j,
          serial_ice_m, serial_ice_n, serial_ice_e, serial_ice_c,
          portal_ice_cave_entry_imps, gauntlet_entry_generic, uniq_nergalle
D:12:     layout_big_octagon, enter_bailey_6, minmay_statue_crystal_thing
Temple:   minmay_temple_bridge_abc
Lair:1:   layout_gridlike, hangedman_lair_unloving_vines, st_stairs_6
Lair:2:   layout_concentric_octagons, nicolae_volcano_entry_two_sided,
          serial_bayou_shore_a, serial_bayou_shore_b
Lair:3:   layout_cave_pods, elwin_shoals_entry_rooms, minmay_lair_oklob_chamber
Lair:4:   layout_gridlike, spider_nest_entry_a, gammafunk_ghost_hydra_chop,
          lemuel_oklob_altar, serial_bayou_shore_b, uniq_josephine, uniq_urug
Lair:5:   layout_cave_pods, nzn_masters_of_martial_movement
Lair:6:   evil_forest, layout_cave_pods, slime_dummy, serial_bayou_shore_b
Orc:1:    layout_caves, basic_altar
Orc:2:    st_orc_elflike, layout_diamond_mine, gammafunk_ghost_smash

Skill      XL: |  1  2  3  4  5  6  7  8  9 10 11 12 13 |
---------------+----------------------------------------+-----
Unarmed Combat | 1 2 3 4 5 7 10 | 10.0
Necromancy     | 5 7 8 |  8.1
Hexes          | 3 8 |  8.0
Dodging        | 3 4 7 9 |  9.5
Fighting       | 3 4 8 10 | 10.0
Shields        | 2 7 12 | 12.5
Spellcasting   | 3 |  3.1
Translocations | 3 |  3.0
Stealth        | |  1.7

Action                   |  1- 3 |  4- 6 |  7- 9 | 10-12 | 13-15 || total
-------------------------+-------+-------+-------+-------+-------++-------
Melee: Unarmed           |    39 |   113 |   264 |   645 |   459 ||  1520
       Punch             |     1 |     2 |     4 |    25 |       ||    32
 Fire: Hunting sling     |       |    25 |     8 |       |       ||    33
Throw: Stone             |     4 |       |    54 |     8 |    37 ||   103
       Javelin           |       |    11 |     7 |       |       ||    18
 Cast: Pain              |    45 |    11 |       |       |       ||    56
       Animate Skeleton  |       |     5 |     1 |     8 |       ||    14
       Vampiric Draining |       |       |    30 |    24 |    18 ||    72
       Confusing Touch   |       |       |     3 |    11 |     4 ||    18
       Tukima's Dance    |       |       |       |    47 |    17 ||    64
       Animate Dead      |       |       |       |       |     4 ||     4
Invok: Curse Item        |       |       |     3 |     5 |     3 ||    11
       Shatter the Chain |       |       |       |     3 |       ||     3
Evoke: Wand              |       |       |       |    43 |    10 ||    53
  Use: Scroll            |       |     8 |     3 |     6 |     1 ||    18
       Potion            |       |     2 |     3 |     7 |     2 ||    14
 Stab: Sleeping          |       |     1 |     1 |     3 |     2 ||     7
       Confused          |       |       |     4 |     8 |     4 ||    16
       Distracted        |       |       |       |     2 |       ||     2
       Invisible         |       |       |       |     4 |       ||     4
Armor: Robe              |     5 |       |       |       |       ||     5
       Ring mail         |     9 |    34 |    77 |   142 |       ||   262
       Skin              |       |    11 |     4 |       |       ||    15
       Steam dragon scal |       |       |       |     2 |    47 ||    49
Dodge: Dodged            |    28 |    37 |   120 |   248 |   101 ||   534
Block: Other             |       |       |       |    23 |       ||    23
       Buckler           |       |       |       |    69 |       ||    69
       Tower shield      |       |       |       |    98 |   488 ||   586
       Reflection        |       |       |       |       |    14 ||    14

Table legend: (Time is in decaauts)
 A = Elapsed time spent in this place.
 B = Non-inter-level travel time spent in this place.
 C = Inter-level travel time spent in this place.
 D = Time resting spent in this place.
 E = Time spent auto-exploring this place.
 F = Levels seen in this place.
 G = Mean time per level.
                   A        B        C        D        E       F      G
               +--------+--------+--------+--------+--------+-----+--------+
         Total |  30708 |  29241 |   1467 |   9117 |  14843 |  24 | 1279.5 |
       Dungeon |  16944 |  15939 |   1005 |   4799 |   8704 |  12 | 1412.0 |
        Temple |    248 |    212 |     36 |      0 |    210 |   1 |  248.0 |
          Lair |   8132 |   7746 |    386 |   1737 |   4622 |   6 | 1355.3 |
  Orcish Mines |   2157 |   2117 |     40 |    732 |    810 |   2 | 1078.5 |
        Bailey |    821 |    821 |      0 |    295 |    244 |   1 |  821.0 |
       Volcano |   1103 |   1103 |      0 |    893 |      1 |   1 | 1103.0 |
      Gauntlet |   1299 |   1299 |      0 |    660 |    252 |   1 | 1299.0 |
               +--------+--------+--------+--------+--------+-----+--------+

Top non-repeatable levels by time:
  Lair:2: 2843 daAuts
     D:6: 2035 daAuts
    D:10: 1995 daAuts
     D:1: 1953 daAuts
  Lair:4: 1783 daAuts
     D:9: 1771 daAuts
     D:7: 1570 daAuts
    D:11: 1460 daAuts
     D:8: 1385 daAuts
     D:4: 1314 daAuts
Gauntlet: 1299 daAuts
     D:5: 1296 daAuts
  Lair:3: 1288 daAuts
   Orc:2: 1174 daAuts
     D:3: 1166 daAuts
